 Dungeon Crawl Stone Soup version 0.22.1-2-g9c5b331383 (webtiles) character file.

551 Knicklaso the Fighter (level 7, 0/70 HPs)
             Began as a Minotaur Artificer on Dec 4, 2018.
             Slain by a worker ant (5 damage)
             ... on level 4 of the Dungeon.
             The game lasted 00:05:23 (2836 turns).

Knicklaso the Fighter (Minotaur Artificer)          Turns: 2836, Time: 00:05:23

Health: 0/70       AC:  4    Str: 17 (18) XL:     7   Next: 7%
Magic:  8/8        EV: 12    Int:  6 (8)  God:
Gold:   129        SH:  0    Dex:  9 (11) Spells: 6/6 levels left

rFire    . . .     SeeInvis .   a - +0 short sword
rCold    . . .     Gourm    .   (no shield)
rNeg     . . .     Faith    .   b - +0 leather armour
rPois    .         Spirit   .   (helmet unavailable)
rElec    .         Reflect  .   (no cloak)
rCorr    .         Harm     .   (no gloves)
MR       .....                  (no boots)
Stlth    +.........             (no amulet)
HPRegen  0.21/turn              (no ring)
MPRegen  0.11/turn              (no ring)

@: lethally poisoned (0 -> -3)
A: retaliatory headbutt, horns 3, shaggy fur 1, subdued magic 1
a: no special abilities


You were on level 4 of the Dungeon.
You were not hungry.

You visited 1 branch of the dungeon, and saw 4 of its levels.

You collected 129 gold pieces.

Inventory:

Hand Weapons
 a - a +0 short sword (weapon)
Missiles
 k - 103 stones (quivered)
 l - 7 javelins
Armour
 b - a +0 leather armour (worn)
Wands
 c - a wand of flame (15)
 d - a wand of enslavement (15)
 e - a wand of random effects (44)
 o - a wand of paralysis (1)
 q - a wand of acid (9)
Scrolls
 j - 5 scrolls of identify {unknown}
 r - a scroll of teleportation {unknown}
 s - 2 scrolls of fog {unknown}
Potions
 n - a potion of degeneration
Comestibles
 f - 3 rations


   Skills:
 + Level 9.1 Fighting
 - Level 1.1 Short Blades
 - Level 2.1 Dodging
 - Level 0.7 Stealth
 - Level 2.6 Evocations


You had 6 spell levels left.
You didn't know any spells.
Your spell library was empty.

Dungeon Overview and Level Annotations

Branches:
Dungeon (4/15)
 Temple: D:4-7

Altars:
Fedhas
Xom
Zin


Innate Abilities, Weirdness & Mutations

You reflexively headbutt those who attack you in melee.
You have a pair of large horns on your head.
You are covered in fur. (AC +1)
Your spells are a little easier to cast, but a little less powerful.


Message History

The orc wizard casts a spell.
The orc wizard flickers and vanishes!
Deactivating autopickup; reactivate with Ctrl-A.
You hit the worker ant but do no damage.
The worker ant is almost dead.
The worker ant bites you.
* * * LOW HITPOINT WARNING * * *
You are poisoned.
The worker ant poisons you!
You hit the worker ant.
The worker ant is almost dead.
You feel sick.
The orc wizard hits you but does no damage.
The worker ant bites you.
* * * LOW HITPOINT WARNING * * *
Something hits you.
* * * LOW HITPOINT WARNING * * *
The orc wizard hits you but does no damage.
The worker ant bites you.
You die...

#............ .>.
#............
....#..........#.
....#............
.................
........<........
.................
.............##..
........o@.......
####.....a.......
.......†..)......
.................
.........##?.....
.........# ......
.........# ......
......#### ......
...... .....


You could see a worker ant and an orc wizard.

Vanquished Creatures
  Grinder (D:3)
  Sigmund (D:3)
  Ijyb (D:3)
  Jessica (D:2)
  An orc wizard (D:4)
  5 adders
  An ooze (D:1)
  A worm (D:2)
  A dart slug (D:2)
  2 leopard geckos
  2 orcs (D:4)
  7 bats
  13 giant cockroaches
  7 goblins
  8 hobgoblins
  4 jackals (D:2)
  6 kobolds
  5 frilled lizards
  4 rats
71 creatures vanquished.

Notes
Turn   | Place    | Note
-------+----------+-------------------------------------------
     0 | D:1      | Knicklaso the Minotaur Artificer began the quest for the
                  | Orb.
     0 | D:1      | Reached XP level 1. HP: 16/16 MP: 1/1
    12 | D:1      | Reached skill level 2 in Fighting
    23 | D:1      | Reached XP level 2. HP: 3/25 MP: 3/3
   367 | D:1      | Reached skill level 3 in Fighting
   628 | D:1      | Reached XP level 3. HP: 26/33 MP: 4/4
   896 | D:2      | Noticed Jessica
   899 | D:2      | Reached skill level 4 in Fighting
   915 | D:2      | Killed Jessica
   915 | D:2      | Reached XP level 4. HP: 15/41 MP: 5/5
   916 | D:2      | Reached skill level 5 in Fighting
  1501 | D:2      | Found a shimmering altar of Xom.
  1580 | D:3      | Found a blossoming altar of Fedhas.
  1628 | D:3      | Noticed Ijyb
  1630 | D:3      | Noticed Sigmund
  1644 | D:3      | Paralysed by Ijyb for 2 turns
  1655 | D:3      | Paralysed by Ijyb for 3 turns
  1660 | D:3      | Paralysed by Ijyb for 4 turns
  1666 | D:3      | Paralysed by Ijyb for 4 turns
  1670 | D:3      | Killed Ijyb
  1670 | D:3      | Reached XP level 5. HP: 30/50 MP: 6/6
  1701 | D:3      | Killed Sigmund
  1701 | D:3      | Reached skill level 7 in Fighting
  1701 | D:3      | Reached XP level 6. HP: 25/60 MP: 7/7
  1931 | D:3      | Found a glowing silver altar of Zin.
  1942 | D:3      | Noticed Grinder
  1966 | D:3      | Paralysed by Grinder for 6 turns
  1975 | D:3      | Killed Grinder
  1975 | D:3      | Reached skill level 8 in Fighting
  2471 | D:3      | Reached XP level 7. HP: 69/69 MP: 8/8
  2771 | D:4      | Reached skill level 9 in Fighting
  2790 | D:4      | HP: 3/70 [worker ant (5)]
  2829 | D:4      | HP: 3/105 [orc wizard/dagger (3)]
  2831 | D:4      | Gained mutation: Your spells are a little easier to cast,
                  | but a little less powerful. [potion of mutation]
  2831 | D:4      | Gained mutation: You have a pair of large horns on your
                  | head. [potion of mutation]
  2831 | D:4      | Gained mutation: You are covered in fur. (AC +1) [potion of
                  | mutation]
  2832 | D:4      | HP: 1/70 [poisoned by a worker ant]
  2836 | D:4      | Slain by a worker ant

Skill      XL: |  1  2  3  4  5  6  7 |
---------------+----------------------+-----
Fighting       | 2 3 4 5 7 8 9 |  9.1
Short Blades   | |  1.1
Dodging        | |  2.1
Stealth        | |  0.7
Evocations     | |  2.6

Action                   |  1- 3 |  4- 6 |  7- 9 || total
-------------------------+-------+-------+-------++-------
Melee: Short sword       |    84 |   100 |    56 ||   240
       Headbutt          |    17 |    19 |     2 ||    38
  Use: Potion            |       |     2 |     7 ||     9
 Stab: Sleeping          |       |     1 |       ||     1
  Eat: Chunk             |       |     4 |       ||     4
       Ration            |       |       |     1 ||     1
Armor: Leather armour    |    26 |    21 |    12 ||    59
       Skin              |       |       |    89 ||    89
Dodge: Dodged            |    57 |    62 |    27 ||   146
